 Dungeon Crawl Stone Soup version 0.31-a0-431-g88bdf31460 (webtiles) character file.

Game seed: 2306184835816445602

229 garrulousMonolith the Changeling (level 6, -1/39 HPs)
             Began as an Octopode Shapeshifter on July 31, 2023.
             Slain by a gnoll
             ... wielding a +0 club
             ... led by a gnoll sergeant
              (8 damage)
             ... on level 4 of the Dungeon.
             The game lasted 00:02:53 (2467 turns).

garrulousMonolith the Changeling (OpSh)             Turns: 2467, Time: 00:02:54

Health: -1/39      AC:  1    Str: 14    XL:     6   Next: 3%
Magic:  6/6        EV: 14    Int: 10    God:
Gold:   205        SH:  0    Dex: 15    Spells: 5/5 levels left

rFire   . . .        k - +2 short sword "Tadgham" {flame, rPois}
rCold   . . .        (no shield)
rNeg    . . .        (helmet currently unavailable)
rPois   +            (no amulet)
rElec   .            (no ring)
rCorr   .            (no ring)
SInv    .            (no ring)
Will    .....        (no ring)
Stlth   +++          (no ring)
HPRegen 0.26/turn    (no ring)
MPRegen 0.10/turn    (no ring)
                     (no ring)

%: no passive effects
@: beast-form
A: beast (slay +2), almost no armour, amphibious, 8 rings, camouflage 1,
gelatinous body 1, (nimble swimmer 1), tentacles
a: Begin Untransformation


You were on level 4 of the Dungeon.
You were a hulking beast.
You visited 1 branch of the dungeon, and saw 4 of its levels.

You collected 205 gold pieces.

Inventory:

Hand Weapons
 k - the +2 short sword "Tadgham" (weapon) {flame, rPois}
   (You found it on level 2 of the Dungeon)

   rPois:     It protects you from poison.
Talismans
 b - a beast talisman (active)
Scrolls
 d - a scroll of blinking
 e - a scroll of enchant armour {unknown}
 f - a scroll of teleportation
 h - a scroll of poison {unknown}
 l - a scroll of noise {unknown}
 p - a scroll of identify {unknown}
 q - a scroll of brand weapon {unknown}
Potions
 a - 2 potions of lignification
 c - 2 potions of degeneration {unknown}
 g - a potion of cancellation {unknown}
 i - a potion of brilliance {unknown}
 j - 2 potions of haste {unknown}
 m - a potion of curing {unknown}
 n - 2 potions of resistance {unknown}
 o - a potion of attraction {unknown}


   Skills:
 + Level 2.3 Fighting
 + Level 3.0 Dodging
 + Level 2.9 Stealth
 + Level 3.7 Unarmed Combat
 * Level 4.1 Shapeshifting


You had 5 spell levels left.
You didn't know any spells.
Your spell library contained the following spells:

 Spells                   Type           Power      Damage    Failure   Level
 Magic Dart               Conj           0%         1d3       36%         1
 Searing Ray              Conj           0%         2d4       50%         2
 Fulminant Prism          Conj/Hex       0%         3d5       98%         4


Dungeon Overview and Level Annotations

Branches:
Dungeon (4/15)
 Temple: D:4-7

Altars:
Makhleb
Vehumet


Innate Abilities, Weirdness & Mutations

You are a hulking beast.
Your limbs bulge with bestial killing power. (Slay +2)
You cannot wear most types of armour.
You are amphibious.
You can wear up to eight rings at the same time.
Your skin changes colour to match your surroundings (Stealth+).
Your rubbery body absorbs attacks. (AC +1, EV +1)
((You are camouflaged when in or above water. (Stealth+)))
You have tentacles for arms and can constrict up to eight enemies at once.


Message History

The gnoll sergeant barely misses you.
You completely miss the gnoll. You grab the gnoll. You constrict the gnoll.
The gnoll closely misses you. The gnoll sergeant barely misses you.
You completely miss the gnoll. You squeeze the gnoll!
The gnoll is severely wounded.
You constrict the gnoll. The gnoll misses you.
The gnoll sergeant hits you from afar with a +2 vampiric spear!
You are too injured to fight recklessly!
You are too injured to fight recklessly!
You are too injured to fight recklessly!
You are too injured to fight recklessly!
You are too injured to fight recklessly!
You are too injured to fight recklessly!
You are too injured to fight recklessly!
You are too injured to fight recklessly!
You are too injured to fight recklessly!
You are too injured to fight recklessly!
You are too injured to fight recklessly!
You are too injured to fight recklessly!
You are too injured to fight recklessly!
You hit the gnoll. You burn the gnoll.
You kill the gnoll!
The gnoll sergeant hits you from afar with a +2 vampiric spear.
Your Dodging skill increases to level 3!
You hit the gnoll. You burn the gnoll. You grab the gnoll.
You tentacle-slap the gnoll. You squeeze the gnoll!
The gnoll is almost dead.
You constrict the gnoll.
You kill the gnoll!
The gnoll sergeant completely misses you.
You have reached level 6!
You barely miss the kobold. You grab the kobold. You tentacle-slap the kobold.
You kill the kobold!
The gnoll sergeant hits you from afar with a +2 vampiric spear!
* * * LOW HITPOINT WARNING * * *
You completely miss the gnoll. You grab the gnoll.
Your squeeze misses the gnoll.
You constrict the gnoll, but do no damage.
The gnoll hits you with a +0 club!
You die...

# ###. .. . ...###
#...#.##..#.. ..#
...#..# ...## ...
#.##.#.#.g. #... #..#..
#g# ..... #....# ##h#
.....###..#.###..####
.......#..#.........#
.....#.....#.#......#
.....##.##...#......#
...###..###......#.##
.....................
#....>........#....#..
..............#.#######


You could see a gnoll sergeant and a gnoll.

Vanquished Creatures
  A scorpion (D:3)
  7 gnolls
  2 adders
  2 worms
  4 dart slugs
  2 orcs
  3 endoplasms
  5 giant cockroaches
  6 goblins
  7 hobgoblins
  5 kobolds
  5 quokkas
  8 ball pythons
  7 bats
  5 frilled lizards
  4 rats
73 creatures vanquished.

Notes
Turn   | Place    | Note
-------+----------+-------------------------------------------
     0 | D:1      | garrulousMonolith the Octopode Shapeshifter began the quest
                  | for the Orb.
     0 | D:1      | Reached XP level 1. HP: 13/13 MP: 1/1
   275 | D:1      | Reached XP level 2. HP: 18/18 MP: 2/2
   357 | D:1      | Reached skill level 1 in Stealth
   672 | D:1      | Reached XP level 3. HP: 21/23 MP: 3/3
  1192 | D:2      | Reached XP level 4. HP: 27/28 MP: 4/4
  1292 | D:2      | Identified the +2 short sword "Tadgham" {flame, rPois}
  1781 | D:3      | Found a faded altar of an unknown god.
  1782 | D:3      | Noticed a scorpion
  1789 | D:3      | Killed a scorpion
  1790 | D:3      | Reached XP level 5. HP: 32/34 MP: 5/5
  1925 | D:3      | Reached skill level 4 in Shapeshifting
  2153 | D:3      | Found a radiant altar of Vehumet.
  2196 | D:3      | Found a faded altar of an unknown god.
  2267 | D:3      | Found a burning altar of Makhleb.
  2466 | D:4      | Reached XP level 6. HP: 17/39 MP: 6/6
  2467 | D:4      | Slain by a gnoll

Illustrated notes

Levels and vault maps discovered:
D:1:      dreamdust_arrival_sigmund_warning, layout_basic,
          minmay_misc_feat_more_columns, wad_floor_pattern_2,
          wad_floor_pattern_untrapped, nicolae_the_louvre
D:2:      layout_basic, minmay_pentomino_pile
D:3:      layout_loops_ring, nicolae_vehumet_altar_sigil,
          nicolae_overflow_ecumenical_swirl, ebering_ecumenical_altar_hall,
          minmay_surrounded
D:4:      layout_rooms

Skill      XL: |  1  2  3  4  5 |
---------------+----------------+-----
Stealth        | 1 2 |  2.9
Fighting       | 2 |  2.3
Shapeshifting  | 4 |  4.1
Dodging        | 3 |  3.0
Unarmed Combat | |  3.7

Action                     |  1- 3 |  4- 6 || total
---------------------------+-------+-------++-------
  Melee: Unarmed           |    63 |    16 ||    79
         Constrict         |    19 |    17 ||    36
         Tentacles         |     9 |    11 ||    20
         Short sword       |       |    38 ||    38
         Punch             |       |     3 ||     3
    Use: Scroll            |     2 |       ||     2
   Stab: Sleeping          |     8 |     7 ||    15
         Distracted        |     1 |       ||     1
 Armour: Skin              |     3 |     3 ||     6
  Dodge: Dodged            |    33 |    29 ||    62

Table legend: (Time is in decaauts)
 A = Elapsed time spent in this place.
 B = Non-inter-level travel time spent in this place.
 C = Inter-level travel time spent in this place.
 D = Time resting spent in this place.
 E = Time spent auto-exploring this place.
 F = Levels seen in this place.
 G = Mean time per level.
                   A        B        C        D        E       F      G
               +--------+--------+--------+--------+--------+-----+--------+
         Total |   2461 |   2370 |     91 |    148 |   1846 |   4 |  615.2 |
       Dungeon |   2461 |   2370 |     91 |    148 |   1846 |   4 |  615.2 |
               +--------+--------+--------+--------+--------+-----+--------+

Top non-repeatable levels by time:
     D:1: 963 daAuts
     D:3: 739 daAuts
     D:2: 645 daAuts
     D:4: 113 daAuts
